 Dungeon Crawl Stone Soup version 0.22-a0-430-g6609fc6 (webtiles) character file.

43273 sscrono2 the Unseen (level 14, -3/102 HPs)
             Began as an Octopode Assassin on May 26, 2018.
             Was the Champion of Ru.
             Slain by a guardian serpent (24 damage)
             ... on level 12 of the Dungeon.
             The game lasted 00:51:04 (28616 turns).

sscrono2 the Unseen (Octopode Assassin)            Turns: 28616, Time: 00:51:05

Health: -3/102     AC: -3    Str: 11    XL:     14   Next: 23%
Magic:  21/21      EV: 13    Int: 22    God:    Ru [******]
Gold:   966        SH:  6    Dex: 13    Spells: 15/23 levels left

rFire    + . .     SeeInvis .   B - +2 dagger (drain)
rCold    x . .     Gourm    +   i - +0 buckler
rNeg     . . .     Faith    .   d - +1 hat
rPois    +         Spirit   .   p - amulet of the gourmand
rElec    .         Reflect  .   z - ring of poison resistance
rCorr    .         Harm     .   o - ring of flight
MR       +....                  g - +4 ring of intelligence
Stlth    +++++++...             E - ring of fire
HPRegen  0.27/turn              (no ring)
MPRegen  0.17/turn              (no ring)
                                (no ring)
                                (no ring)

@: slowed, drained, very slow
A: almost no armour, stealthy swim, amphibious, 8 rings, constrict 8, camouflage
1, gelatinous body 1, hated by all, no conjurations magic, no poison magic, no
transmutations magic, reduced AC 1, reduced EV 1
a: Draw Out Power, Power Leap, Apocalypse, Renounce Religion, Evoke Flight


You were on level 12 of the Dungeon.
You worshipped Ru.
Ru was exalted by your worship.
You were very full.

You visited 3 branches of the dungeon, and saw 19 of its levels.
You also visited: Sewer.

You collected 1071 gold pieces.
You spent 105 gold pieces at shops.

Inventory:

Hand Weapons
 a - a +4 demon trident of flaming
 b - a +0 blowgun
 B - a +2 dagger of draining (weapon)
Missiles
 c - 49 poisoned needles
 x - 5 curare-tipped needles
 H - 3 needles of paralysis
Armour
 d - a +1 hat (worn)
 i - a +0 buckler (worn)
Magical Staves
 I - a cursed staff of conjuration {unknown}
Jewellery
 g - a +4 ring of intelligence (on tentacle)
 o - a ring of flight (right tentacle)
 p - an amulet of the gourmand (around mantle)
 z - a ring of poison resistance (left tentacle)
 E - a ring of fire (on tentacle)
Wands
 t - a wand of polymorph (29)
 J - a wand of iceblast (9)
Scrolls
 e - 3 scrolls of identify
 j - 3 scrolls of teleportation
 l - 8 scrolls of enchant weapon
 m - 12 scrolls of remove curse
 q - a scroll of holy word
 r - 3 scrolls of enchant armour
 u - a scroll of immolation
 y - a scroll of fear
 C - 5 scrolls of amnesia
 D - 2 scrolls of magic mapping
 F - 2 scrolls of silence
 K - a scroll of fog
Potions
 h - a potion of haste
 k - 8 potions of curing
 n - 2 potions of cancellation
 s - 3 potions of agility
 v - a potion of brilliance
 w - 4 potions of flight
 A - a potion of magic
 G - a potion of mutation
 L - a potion of ambrosia
Comestibles
 f - 45 rations


   Skills:
 + Level 11.9(11.3) Fighting
 - Level 8.0(7.4) Short Blades
 * Level 2.5(2.0) Polearms
 - Level 2.0(1.4) Throwing
 - Level 8.8(8.1) Dodging
 - Level 16.4(15.7) Stealth
 + Level 9.0(8.3) Shields
 + Level 5.0(4.4) Spellcasting
 * Level 2.5(1.9) Hexes
 * Level 8.1(7.5) Earth Magic


You had 15 spell levels left.
You knew the following spells:

 Your Spells              Type           Power        Failure   Level  Hunger
a - Lee's Rapid Deconstr  Erth           #####.....   14%         5    ######.
b - Confuse               Hex            ##......     14%         3    ##.....

Your spell library contained the following spells:

 Spells                   Type           Power        Failure   Level  Hunger
 Conjure Flame            Conj/Fire      #.......     32%         3    ##.....
 Freezing Cloud           Conj/Ice/Air   #.........   100%        6    #######
 Mephitic Cloud           Conj/Pois/Air  #.......     32%         3    ##.....
 Ring of Flames           Chrm/Fire      #.........   100%        7    #######
 Summon Small Mammal      Summ           #...         11%         1    None
 Summon Ice Beast         Ice/Summ       #.......     71%         4    ####...
 Call Imp                 Summ           #.......     16%         2    #......
 Stone Arrow              Conj/Erth      ###...       7%          3    ##.....
 Confusing Touch          Hex            ##....       4%          1    None
 Passwall                 Tmut/Erth      ###.....     3%          2    #......
 Call Canine Familiar     Summ           #.......     32%         3    ##.....
 Metabolic Englaciation   Hex/Ice        #.........   89%         5    ######.
 Sandblast                Erth           #####.       1%          1    None
 Petrify                  Tmut/Erth      ###.....     22%         4    ####...
 Summon Lightning Spire   Summ/Air       #.......     71%         4    ####...
 Summon Guardian Golem    Hex/Summ       #.......     22%         3    ##.....
 Gell's Gravitas          Tloc           #.........   32%         3    ##.....
 Yara's Violent Unravell  Hex/Tmut       #.........   89%         5    ######.
 Poisonous Vapours        Pois/Air       #.....       16%         2    #......


Dungeon Overview and Level Annotations

Branches:
Dungeon (12/15)            Temple (1/1) D:6            Lair (6/6) D:8
 Shoals (0/4) Lair:4       Spider (0/4) Lair:4        Slime (0/5) Lair:5
    Orc: D:9-12

Altars:
Ashenzari
Cheibriados
Dithmenos
Elyvilon
Fedhas
Gozag
Hepliaklqana
Kikubaaqudgha
Makhleb
Nemelex Xobeh
Okawaru
Qazlal
Ru
Sif Muna
Trog
Uskayaw
Vehumet
Wu Jian
Xom
Yredelemnul
Zin
The Shining One
Jiyva

Shops:
D:9 *

Annotations:
D:8 EK47's ghost, novice MiFi
Lair:1 exclusion: oklob plant
Lair:5 1 runed door


Innate Abilities, Weirdness & Mutations

You cannot wear most types of armour.
You are very stealthy in the water. (Stealth+)
You are amphibious.
You can wear up to eight rings at the same time.
You can use your tentacles to constrict eight enemies at once.
Your skin changes colour to match your surroundings (Stealth+).
Your rubbery body absorbs attacks. (AC +1, EV +1)
You are hated by all.
You cannot study or cast Conjurations magic.
You cannot study or cast Poison magic.
You cannot study or cast Transmutations magic.
You take slightly more damage. (AC -5)
You have somewhat slow reflexes. (EV -5)


Message History

You block the guardian serpent's attack.
The guardian serpent casts a spell.
The six-headed hydra blinks!
You block the six-headed hydra's attack.
The six-headed hydra bites you! x2; The six-headed hydra bites you.
The six-headed hydra barely misses you. The six-headed hydra bites you!
You focus your will and blind the six-headed hydra in retribution!
The guardian serpent casts a spell at you.
You resist with some effort.
You hit the six-headed hydra.
The six-headed hydra is lightly wounded.
The guardian serpent hits you!!
* * * LOW HITPOINT WARNING * * *
The six-headed hydra roars!
You hit the guardian serpent but do no damage.
You squeeze the guardian serpent.
The guardian serpent is moderately wounded.
The guardian serpent is stunned by your will and fails to attack.
The guardian serpent hits you!!
You die...

#..##...##..##.#
#÷###..###...... #.#
#..###.....# ######.#
##.......... ######......#
##.......Y. #......D#####
#...#.## . # #.####..#
##.##.###.
###.####..#########.........
...............D@S§..#......
###.##.##.##########.#.###..
# #.##.##.##########.....#
#.......#.>..........#.#
######.####.########.###.#
...###)# #.# #... . (...)..#
#.# #.### .. .#.##### #.#
#.#####.## .#.# #.#
#........#


You could see a six-headed hydra (blind) and a guardian serpent.

Vanquished Creatures
  Rupert (Lair:4)
  Gastronok (D:8)
  3 hydras
  2 two-headed ogres
  A death yak (Lair:5)
  Sonja (D:11)
  Nergalle (Lair:4)
  A fire crab (Lair:6)
  An unseen horror (D:10)
  A wolf spider (Lair:4)
  2 cyclopes
  An ugly thing (D:12)
  8 elephants
  4 black mambas
  A centaur zombie (D:12)
  10 spiny frogs
  A torpor snail (Lair:5)
  2 gargoyles
  6 komodo dragons
  A queen bee (D:9)
  4 trolls
  2 jumping spiders (Lair:4)
  Grinder (D:3)
  Prince Ribbit (D:6)
  5 blink frogs (Lair:5)
  8 hippogriffs
  A snapping turtle (Lair:4)
  A redback (Lair:4)
  A shadow (D:11)
  4 wyverns
  42 yaks
  2 hungry ghosts
  A steam dragon (D:11)
  2 basilisks
  Menkaure (D:5)
  An acid dragon (D:12)
  7 water moccasins
  6 porcupines
  4 hell hounds (Lair:6)
  2 sky beasts
  An eye of draining (D:10)
  7 orc warriors
  2 ice beasts
  2 black bears
  2 necrophages
  5 phantoms
  7 centaurs
  7 ogres
  11 wolves
  7 crocodiles
  12 bullfrogs
  A wyvern zombie (D:7)
  6 scorpions
  29 killer bees
  2 howler monkeys (D:7)
  5 electric eels
  4 wights (D:7)
  6 crimson imps
  5 hounds
  4 jellies
  A centaur skeleton (D:9)
  5 orc priests
  Crazy Yiuf (D:3)
  2 bullfrog skeletons
  7 orc wizards
  Natasha (twice) (D:2)
  10 worker ants
  3 hound skeletons
  A worker ant zombie (D:6)
  15 adders
  3 river rats (D:6)
  2 shadow imps
  9 oozes
  3 adder skeletons
  4 worms
  2 dart slugs (D:1)
  18 leopard geckos
  54 orcs
  4 bats
  22 giant cockroaches
  17 goblins
  8 hobgoblins
  11 jackals
  A quokka (D:7)
  12 ball pythons
  20 frilled lizards
  A jackal skeleton (D:4)
  6 kobolds
  A leopard gecko skeleton (D:5)
  9 rats
  11 fungi
  23 plants
558 creatures vanquished.

Vanquished Creatures (others)
  A yak (D:12)
  A human (D:2)
  A centaur (D:10)
  An orc (D:10)
  23 fungi
  25 plants
52 creatures vanquished.

Grand Total: 610 creatures vanquished

Notes
Turn   | Place    | Note
-------+----------+-------------------------------------------
     0 | D:1      | sscrono2 the Octopode Assassin began the quest for the Orb.
     0 | D:1      | Reached XP level 1. HP: 14/14 MP: 1/1
   287 | D:1      | Reached XP level 2. HP: 19/19 MP: 2/2
   819 | D:1      | Reached XP level 3. HP: 15/25 MP: 3/3
  1128 | D:2      | Reached skill level 6 in Stealth
  1167 | D:2      | Found a shadowy altar of Dithmenos.
  1225 | D:2      | Reached XP level 4. HP: 18/30 MP: 4/4
  1319 | D:2      | Found an ancient bone altar of Kikubaaqudgha.
  1320 | D:2      | Noticed a human
  1324 | D:2      | Killed a human
  1523 | D:2      | Noticed Natasha
  1528 | D:2      | Killed Natasha
  1589 | D:2      | Noticed Natasha
  1598 | D:2      | Killed Natasha
  1598 | D:2      | Reached XP level 5. HP: 35/36 MP: 5/5
  2093 | D:3      | Reached skill level 7 in Stealth
  2259 | D:3      | Noticed Grinder
  2268 | D:3      | Killed Grinder
  2268 | D:3      | Reached XP level 6. HP: 30/43 MP: 6/6
  2372 | D:3      | Found a runed door.
  2737 | D:3      | Found a stormy altar of Qazlal.
  3047 | D:3      | Found a sparkling altar of Nemelex Xobeh.
  3144 | D:3      | Noticed Crazy Yiuf
  3149 | D:3      | Killed Crazy Yiuf
  3149 | D:3      | Reached XP level 7. HP: 42/49 MP: 7/7
  3227 | D:4      | Reached skill level 8 in Stealth
  3363 | D:4      | Found a shattered altar of Ashenzari.
  3640 | D:4      | Reached skill level 5 in Short Blades
  3693 | D:4      | Reached skill level 5 in Fighting
  3710 | D:4      | Noticed a two-headed ogre
  3735 | D:4      | Killed a two-headed ogre
  3735 | D:4      | Reached skill level 9 in Stealth
  3735 | D:4      | Reached XP level 8. HP: 57/57 MP: 8/8
  3790 | D:4      | Reached skill level 10 in Stealth
  4699 | D:5      | Entered Level 5 of the Dungeon
  4747 | D:5      | Reached XP level 9. HP: 60/63 MP: 9/9
  5075 | D:5      | Found a basalt altar of Yredelemnul.
  5130 | D:5      | Noticed Menkaure
  5134 | D:5      | Killed Menkaure
  5211 | D:5      | Found a shadowy altar of Dithmenos.
  5660 | D:6      | Noticed Prince Ribbit
  5662 | D:6      | Found a staircase to the Ecumenical Temple.
  5671 | D:6      | Killed Prince Ribbit
  5671 | D:6      | Reached skill level 11 in Stealth
  6266 | D:6      | Found a glowing drain.
  6273 | Sewer    | Entered a sewer
  6726 | Temple   | Entered the Ecumenical Temple
  6754 | Temple   | Became a worshipper of Ru the Awakened
  7191 | D:7      | Found a sparkling altar of Nemelex Xobeh.
  7197 | D:7      | Reached skill level 12 in Stealth
  7276 | D:7      | Reached XP level 10. HP: 72/72 MP: 10/10
  7573 | D:7      | Reached skill level 1 in Shields
  8051 | D:7      | HP: 2/73 [wight/enchanted great sword (6)]
  8877 | D:8      | Noticed Gastronok
  9224 | D:8      | Killed Gastronok
  9224 | D:8      | Reached skill level 13 in Stealth
  9556 | D:8      | Found a white marble altar of Elyvilon.
  9638 | D:8      | Noticed EK47's ghost (novice MiFi)
  9653 | D:8      | Found a shimmering altar of Xom.
  9653 | D:8      | Found a blossoming altar of Fedhas.
  9658 | D:8      | Found an iron altar of Okawaru.
  9660 | D:8      | Found a glowing silver altar of Zin.
  9661 | D:8      | Found a burning altar of Makhleb.
  9722 | D:8      | Gained mutation: You take slightly more damage. (AC -5) [Ru sacrifice]
  9722 | D:8      | Reached * piety under Ru
  9722 | D:8      | Reached ** piety under Ru
  9931 | D:8      | Reached XP level 11. HP: 61/80 MP: 11/11
 10123 | D:8      | Found a staircase to the Lair.
 10142 | D:8      | Reached skill level 5 in Dodging
 11814 | D:9      | Reached skill level 5 in Shields
 12444 | D:9      | Found a hide-covered altar of Uskayaw.
 12504 | D:9      | Reached skill level 14 in Stealth
 12541 | D:9      | Found Rozoj's Hallowed Reliquary.
 12541 | D:9      | Found a white marble altar of Elyvilon.
 12547 | D:9      | Noticed an angel
 12557 | D:9      | Bought a scroll of holy word for 105 gold pieces
 13063 | D:10     | Entered Level 10 of the Dungeon
 13109 | D:10     | Reached skill level 10 in Fighting
 13265 | D:10     | Gained mutation: You are hated by all. [Ru sacrifice]
 13265 | D:10     | Reached *** piety under Ru
 13290 | D:10     | Noticed an unseen horror
 13380 | Lair:1   | Entered Level 1 of the Lair of Beasts
 13589 | Lair:1   | Noticed an oklob plant
 13655 | Lair:1   | Noticed a five-headed hydra
 13655 | Lair:1   | Noticed a seven-headed hydra
 14442 | Lair:2   | Reached XP level 12. HP: 11/88 MP: 12/12
 15680 | Lair:2   | Gained mutation: You cannot study or cast Poison magic. [Ru sacrifice]
 15680 | Lair:2   | Gained mutation: You cannot study or cast Transmutations magic. [Ru sacrifice]
 15680 | Lair:2   | Gained mutation: You cannot study or cast Conjurations magic. [Ru sacrifice]
 15680 | Lair:2   | Reached **** piety under Ru
 15680 | Lair:2   | Reached ***** piety under Ru
 16104 | Lair:3   | Reached skill level 15 in Stealth
 17002 | Lair:4   | Noticed an eight-headed hydra
 17059 | Lair:4   | Learned a level 5 spell: Lee's Rapid Deconstruction
 17132 | Lair:4   | Reached skill level 1 in Earth Magic
 17144 | Lair:4   | Noticed Rupert
 17371 | Lair:4   | Noticed Nergalle
 17390 | Lair:4   | Killed Nergalle
 17390 | Lair:4   | Reached skill level 1 in Spellcasting
 17968 | Lair:4   | Found a staircase to the Shoals.
 18033 | Lair:4   | Killed an eight-headed hydra
 18286 | Lair:4   | Paralysed by Rupert for 2 turns
 18293 | Lair:4   | Killed Rupert
 18524 | Lair:4   | Found a hole to the Spider Nest.
 19526 | Lair:5   | Noticed a four-headed hydra
 19608 | Lair:5   | Gained mutation: You have somewhat slow reflexes. (EV -5) [Ru sacrifice]
 19608 | Lair:5   | Reached ****** piety under Ru
 19648 | Lair:5   | Noticed a death yak
 19652 | Lair:5   | Reached skill level 5 in Earth Magic
 19652 | Lair:5   | Reached XP level 13. HP: 78/95 MP: 17/17
 20881 | Lair:5   | Reached skill level 16 in Stealth
 21192 | Lair:5   | Found a runed door.
 21192 | Lair:5   | Found a viscous altar of Jiyva.
 21193 | Lair:5   | Noticed an acid blob
 21194 | Lair:5   | Found a staircase to the Slime Pits.
 21948 | Lair:6   | Entered Level 6 of the Lair of Beasts
 21989 | Lair:6   | Got a scintillating diamond amulet
 21991 | Lair:6   | Identified the amulet "Ughittigg" {Inacc +Inv rElec rC- Str-2} (You found it on level 6 of the Lair of Beasts)
 24110 | D:10     | HP: 2/96 [unseen horror (5)]
 25410 | D:11     | Learned a level 3 spell: Confuse
 25487 | D:11     | Identified a scroll of acquirement
 26154 | D:11     | Noticed Sonja
 26164 | D:11     | Killed Sonja
 26164 | D:11     | Reached XP level 14. HP: 92/102 MP: 20/20
 26302 | D:11     | Reached skill level 1 in Hexes
 26314 | D:11     | Reached skill level 1 in Polearms
 28377 | D:12     | Reached skill level 5 in Spellcasting
 28616 | D:12     | Slain by a guardian serpent

Vault maps used:
D:1:      minmay_arrival_up_and_down
D:2:      overflow_temple_1_default, minivault_25, serial_bayou_pond_c,
          tgw_kikubaaqudgha, uniq_natasha
D:3:      marbit_many_paths, first_ration, nemelex_lonely_heart_becter,
          uniq_crazy_yiuf_cottage, uniq_grinder
D:4:      evilmike_ruin_ashenzari, nrook_uturn
D:5:      old_standard_altar, nicolae_dithmenos_through_a_glass_darkly,
          uniq_menkaure
D:6:      minmay_temple_entry_butterflies, portal_sewer_entry_e,
          uniq_prince_ribbit1
D:7:      nemelex_xobeh_ov_fountains_minmay
D:8:      lemuel_coloured_pillars_altar, chequers_temple_overflow_minitemple,
          erik_lair_island, uniq_gastronok
D:9:      lemuel_doored_altar, special_room, nicolae_good_shop
D:10:     hangedman_little_slice_of_home
D:11:     uniq_sonja
D:12:     orc_0_dummy, nrook_guardian_serpent_ordinary
Temple:   cyrus_temple_forest
Lair:1:   minmay_lair_oklob_chamber, grunt_megastairs_4
Lair:2:   infiniplex_staircase_pool, grunt_megastairs_1, lemuel_fruit_tree
Lair:4:   minmay_shoals_entry_hut, spider_nest_entry_funnel_web, uniq_nergalle,
          uniq_rupert
Lair:5:   slime_altar_2
Lair:6:   cheibrodos_lair_end_hotspot, serial_bayou_lagoon_b
Sewer:    sewer_frog_island_02

Skill      XL: |  1  2  3  4  5  6  7  8  9 10 11 12 13 14 |
---------------+-------------------------------------------+-----
Stealth        | 6 7 9 10 12 13 14 15 16 | 16.4
Short Blades   | 3 4 6 8 |  8.0
Fighting       | 3 4 6 8 9 10 11 | 11.9
Dodging        | 2 4 6 7 8 |  8.8
Shields        | 4 6 7 8 9 |  9.0
Earth Magic    | 5 7 8 |  8.1
Spellcasting   | 3 4 5 |  5.0
Hexes          | 2 |  2.5
Polearms       | 2 |  2.5
Throwing       | |  2.0

Action                   |  1- 3 |  4- 6 |  7- 9 | 10-12 | 13-15 || total
-------------------------+-------+-------+-------+-------+-------++-------
Melee: Dagger            |    53 |    95 |   303 |   750 |   601 ||  1802
       Constrict         |     9 |    21 |    58 |    80 |    56 ||   224
       Tentacles         |     7 |    19 |    42 |   157 |   128 ||   353
       Demon trident     |       |       |       |       |     3 ||     3
 Fire: Blowgun           |       |       |    15 |    34 |    13 ||    62
Invok: Sacrifice Health  |       |       |       |     2 |       ||     2
       Draw Out Power    |       |       |       |     2 |       ||     2
       Sacrifice Love    |       |       |       |     1 |       ||     1
       Apocalypse        |       |       |       |     1 |     6 ||     7
       Sacrifice Arcana  |       |       |       |     1 |       ||     1
Evoke: Wand              |       |       |     6 |    20 |     4 ||    30
  Use: Potion            |       |       |     3 |     3 |    10 ||    16
       Scroll            |       |       |    15 |    12 |     7 ||    34
 Stab: Sleeping          |    10 |    17 |    31 |    47 |    10 ||   115
       Distracted        |     1 |     2 |     2 |     2 |     8 ||    15
       Invisible         |       |       |       |     9 |    11 ||    20
       Petrified         |       |       |       |     1 |       ||     1
       Paralysed         |       |       |       |       |    15 ||    15
  Eat: Chunk             |     1 |     6 |    34 |    39 |    27 ||   107
       Ration            |       |       |       |       |     1 ||     1
Armor: Skin              |     8 |     3 |    17 |     7 |    25 ||    60
Dodge: Dodged            |    27 |    32 |   120 |   308 |   169 ||   656
Block: Buckler           |       |       |       |   104 |    84 ||   188

Table legend:
 A = Spawn XP
 B = Non-spawn XP
 C = Spawn XP percentage of total XP
 D = Spawn monster count
 E = Non-spawn monster count
 F = Spawn count percentage of total count
 G = Total turns spent on level
                    A         B        C        D         E        F      G
               +---------+---------+-------+---------+---------+-------+---------
         Total |       0 |   61819 |   0.0 |       0 |     525 |   0.0 | 28616
               +---------+---------+-------+---------+---------+-------+---------
           D:1 |       0 |      45 |   0.0 |       0 |      22 |   0.0 |  1098
           D:2 |       0 |     129 |   0.0 |       0 |      16 |   0.0 |   739
           D:3 |       0 |     607 |   0.0 |       0 |      40 |   0.0 |  1688
           D:4 |       0 |    1482 |   0.0 |       0 |      26 |   0.0 |  1265
           D:5 |       0 |     454 |   0.0 |       0 |      19 |   0.0 |   953
           D:6 |       0 |     385 |   0.0 |       0 |      13 |   0.0 |   770
           D:7 |       0 |    2678 |   0.0 |       0 |      37 |   0.0 |  2468
           D:8 |       0 |    4258 |   0.0 |       0 |      32 |   0.0 |  1648
           D:9 |       0 |    3447 |   0.0 |       0 |      42 |   0.0 |  2540
          D:10 |       0 |    2764 |   0.0 |       0 |      37 |   0.0 |  2072
          D:11 |       0 |    4246 |   0.0 |       0 |      33 |   0.0 |  1584
          D:12 |       0 |    6572 |   0.0 |       0 |      34 |   0.0 |  1814
        Lair:1 |       0 |    2332 |   0.0 |       0 |       9 |   0.0 |   943
        Lair:2 |       0 |    2818 |   0.0 |       0 |      15 |   0.0 |  1758
        Lair:3 |       0 |    1796 |   0.0 |       0 |       7 |   0.0 |   960
        Lair:4 |       0 |    8727 |   0.0 |       0 |      19 |   0.0 |  3630
        Lair:5 |       0 |   10371 |   0.0 |       0 |      34 |   0.0 |  1418
        Lair:6 |       0 |    8372 |   0.0 |       0 |      33 |   0.0 |   839
         Sewer |       0 |     336 |   0.0 |       0 |      57 |   0.0 |   335
               +---------+---------+-------+---------+---------+-------+---------
